 Dungeon Crawl Stone Soup version 0.17.0 (console) character file.

267 Snowdude the Shield-Bearer (level 6, -17/55 HPs)
             Began as a Minotaur Fighter on Dec 6, 2015.
             Was a Follower of Nemelex Xobeh.
             Hit by a tomahawk thrown by Muellur (20 damage)
             ... created by the player character
             ... on level 4 of the Dungeon.
             The game lasted 00:21:09 (3014 turns).

Snowdude the Shield-Bearer (Minotaur Fighter)       Turns: 3014, Time: 00:21:09

Health: -17/55     AC:  7    Str: 21    XL:     6   Next: 0%
Magic:  5/5        EV:  8    Int:  6    God:    Nemelex Xobeh [*.....]
Gold:   171        SH: 10    Dex: 10    Spells: 0 memorised, 5 levels left

rFire  . . .     SeeInvis .     a - +0 flail
rCold  . . .     Clarity  .     b - +0 scale mail
rNeg   . . .     SustAt   .     c - +0 shield
rPois  .         Gourm    .     (helmet restricted)
rElec  .         Spirit   .     (no cloak)
rCorr  .         Warding  .     (no gloves)
rMut   .         Stasis   .     (no boots)
MR     .....                    (no amulet)
Stlth  ..........               (no ring)
                                (no ring)

@: lethally poisoned (-17 -> -18), drained, not resistant to hostile
enchantments, extremely unstealthy
A: retaliatory headbutt, horns 2
a: Renounce Religion


You were on level 4 of the Dungeon.
You worshipped Nemelex Xobeh.
Nemelex Xobeh was aware of your devotion.
You were not hungry.

You visited 1 branch of the dungeon, and saw 4 of its levels.

You collected 171 gold pieces.

Inventory:

Hand Weapons
 a - a +0 flail (weapon)
Armour
 b - a +0 scale mail (worn)
 c - a +0 shield (worn)
Jewellery
 x - an uncursed ring of see invisible {unknown}
Scrolls
 f - 2 scrolls of identify
 i - a scroll of fog {unknown}
 j - 2 scrolls of enchant weapon {unknown}
 k - 2 scrolls of remove curse {unknown}
 r - a scroll of recharging {unknown}
 y - a scroll of amnesia {unknown}
 A - a scroll of magic mapping {unknown}
Potions
 g - 2 potions of agility
 h - 2 potions of curing
 n - 2 potions of poison {unknown}
 o - a potion of lignification {unknown}
 p - a potion of ambrosia {unknown}
 q - a potion of haste {unknown}
 t - a potion of heal wounds {unknown}
 u - a potion of flight {unknown}
 z - a potion of cure mutation {unknown}
Miscellaneous
 m - a plain deck of destruction {drawn: 4}
 v - a plain deck of wonders {drawn: 5}
Comestibles
 d - 5 chunks of flesh
 e - 3 bread rations
 l - 2 meat rations
 s - 2 beef jerkies


   Skills:
 * Level 4.9(4.7) Fighting
 * Level 3.5(3.3) Maces & Flails
 + Level 4.9(4.7) Armour
 + Level 2.2(2.0) Dodging
 - Level 0.1(0.0) Stealth
 + Level 5.1(4.9) Shields
 + Level 0.3(0.1) Evocations


You had 5 spell levels left.
You didn't know any spells.

Dungeon Overview and Level Annotations

Branches:
Dungeon (4/15)
 Temple: D:4-7

Altars:
Elyvilon
Nemelex Xobeh


Innate Abilities, Weirdness & Mutations

You reflexively headbutt those who attack you in melee.
You have a pair of horns on your head.


Message History

You cannot afford Muellur's fee of 297 gold!
Muellur attacks!
Muellur the merfolk comes into view. It is wielding a trident of flaming.
You feel sick. Muellur closely misses you.
You feel sick.
Muellur hits you with a trident of flaming!
Muellur burns you.
You closely miss Muellur. You headbutt Muellur.
Muellur is lightly wounded.
You feel sick.
Muellur hits you with a trident of flaming.
Muellur burns you. You block Muellur's attack.
Muellur throws a tomahawk.
The tomahawk hits you!
* * * LOW HITPOINT WARNING * * *
The tomahawk disappears in a puff of smoke!
You feel sick.
Muellur throws a tomahawk.
The tomahawk hits you!!
You die...
Your body disappears without a glow.

#.##.......# #..,* *,** *..#
#.........)# #.# *,>, ...#
####.......# #.# * #...#*
#.......####.#### #..... *
##.......##.....m## #......,*
###...#.#####.###...####.......,,
<..........)..# #....).'.......,
###...#.#####.###...####.....$. ,
##.##.# #...@..## #......,*
###..# ###.#### #..... # #.## #.#
*#...# # #.# #.# #+## * # #.# #.*
*, * # #.# #.**** ** * * ,* *
######.# #. , ,,, ,,, * ,
.......# ##* **** ,,, ######## ,
,,*


You could see Muellur the merfolk.

Vanquished Creatures
  2 nagas (D:4)
  A giant frog skeleton (D:4)
  Natasha (thrice) (D:3)
  An orc priest (D:4)
  8 adders
  A giant eyeball (D:4)
  3 oozes (D:2)
  2 worms
  3 giant geckos
  8 orcs
  A ball python (D:1)
  3 giant cockroaches
  10 goblins
  5 hobgoblins
  5 jackals
  10 kobolds
  9 bats
  7 giant newts
  6 rats
88 creatures vanquished.

Notes
Turn   | Place    | Note
--------------------------------------------------------------
     0 | D:1      | Snowdude the Minotaur Fighter began the quest for the Orb.
     0 | D:1      | Reached XP level 1. HP: 19/19 MP: 0/0
   191 | D:1      | Reached XP level 2. HP: 18/27 MP: 1/1
   354 | D:1      | Reached skill level 4 in Shields
   770 | D:2      | Reached XP level 3. HP: 24/33 MP: 2/2
   809 | D:2      | Found a white marble altar of Elyvilon.
  1271 | D:2      | Reached skill level 1 in Dodging
  1281 | D:2      | Reached XP level 4. HP: 29/40 MP: 3/3
  1348 | D:2      | Found a sparkling altar of Nemelex Xobeh.
  1378 | D:2      | Became a worshipper of Nemelex Xobeh the Trickster
  1500 | D:3      | Found a sparkling altar of Nemelex Xobeh.
  1512 | D:3      | Received a gift from Nemelex Xobeh
  1953 | D:3      | Noticed Natasha
  1965 | D:3      | Killed Natasha
  1986 | D:3      | Noticed Natasha
  1992 | D:3      | Killed Natasha
  1992 | D:3      | Reached XP level 5. HP: 26/47 MP: 4/4
  2092 | D:3      | Noticed Natasha
  2099 | D:3      | Killed Natasha
  2421 | D:4      | Reached skill level 5 in Shields
  2440 | D:4      | Paralysed by a giant eyeball for 2 turns
  2453 | D:4      | Reached * piety under Nemelex Xobeh
  2529 | D:4      | Noticed Aproy
  2617 | D:4      | Killed Aproy the naga
  2993 | D:4      | Reached XP level 6. HP: 55/55 MP: 5/5
  2998 | D:4      | Noticed Ceuci
  3005 | D:4      | Killed Ceuci the naga
  3007 | D:4      | Noticed Muellur
  3014 | D:4      | Hit by a tomahawk thrown by Muellur

Action                   |  1- 3 |  4- 6 || total
-------------------------+-------+-------++-------
Melee: Flail             |   134 |   139 ||   273
Evoke: Deck              |       |     9 ||     9
  Use: Potion            |       |     3 ||     3
       Scroll            |       |     1 ||     1
  Eat: Chunk             |     1 |     6 ||     7
